 Dungeon Crawl Stone Soup version 0.14-a0-155-gd989017 (webtiles) character file.

232 PolkaDot the Ruffian (level 4, -1/42 HPs)
             Began as a Troll Death Knight on Oct 4, 2013.
             Was a Believer of Yredelemnul.
             Slain by a gnoll
             ... wielding a +0,+1 spear
              (6 damage)
             ... on Level 3 of the Dungeon.
             The game lasted 00:05:29 (1627 turns).

PolkaDot the Ruffian (Troll Death Knight)           Turns: 1627, Time: 00:05:30

HP  -1/42        AC  5     Str 21      XL: 4   Next: 31%
MP   5/5         EV  9     Int 12      God: Yredelemnul [**....]
Gold 143         SH  0     Dex 10      Spells:  0 memorised,  3 levels left

Res.Fire  : . . .   See Invis. : .     - Unarmed
Res.Cold  : . . .   Warding    : .   b - +0 robe
Life Prot.: . . .   Conserve   : .   (shield restricted)
Res.Poison: .       Res.Corr.  : .   (helmet restricted)
Res.Elec. : .       Clarity    : .   (no cloak)
Sust.Abil.: . .     Spirit.Shd : .   (gloves unavailable)
Res.Mut.  : .       Stasis     : .   (boots unavailable)
Res.Rott. : .       Flight     : .   (no amulet)
Gourmand  : +                        (no ring)
                                     o - ring of protection from magic {unknown}

@: invisible, brilliant, very slightly contaminated, slowed, very slow, somewhat
resistant to hostile enchantments, unstealthy
A: unfitting armour, claws 3, fast metabolism 3, gourmand, regeneration 2,
saprovore 2, tough skin 2, AC +1
a: Animate Remains, Recall Undead Slaves, Injury Mirror, Renounce Religion


You were on level 3 of the Dungeon.
You worshipped Yredelemnul.
Yredelemnul was pleased with you.
You were very full.

You visited 1 branch of the dungeon, and saw 3 of its levels.

You collected 123 gold pieces.

Inventory:

Armour
 b - a +0 robe (worn)
Comestibles
 a - 2 meat rations
 g - 4 bread rations
 m - a slice of pizza
Scrolls
 c - a scroll of enchant armour {unknown}
 d - a scroll of recharging {unknown}
 f - a scroll of fear {unknown}
 k - 2 scrolls of teleportation {unknown}
 l - 3 scrolls of fog {unknown}
 p - a scroll of enchant weapon I {unknown}
 r - a scroll of identify {unknown}
 s - a scroll of remove curse {unknown}
Jewellery
 o - a ring of protection from magic (left claw) {unknown}
 t - an uncursed amulet of inaccuracy {unknown}
Potions
 e - a potion of slowing
 n - a potion of poison


   Skills:
 - Level 1.5 Fighting
 - Level 1.2 Dodging
 * Level 4.0 Unarmed Combat
 + Level 3.1 Invocations


You had 3 spell levels left.
You didn't know any spells.

Dungeon Overview and Level Annotations

Branches:
Dungeon (3/27)

Altars:
Fedhas
Kikubaaqudgha

Portals:
Ziggurat: D:3 (7060 gp)


Innate Abilities, Weirdness & Mutations

You are too large for most types of armour.
You have claws for hands.
Your metabolism is lightning-fast.
You like to eat raw meat.
You heal very quickly.
You can eat rotten meat.
You are covered in fur (AC +1).
You have very tough skin (AC +2).


Message History

The gnoll begins to bleed from its wounds!
The gnoll is moderately wounded.
The gnoll closely misses you. The gnoll hits you but does no damage.
You barely miss the gnoll.
The gnoll is moderately wounded.
The gnoll completely misses you. The gnoll barely misses you.
The gnoll hits you with a flail!
* * * LOW HITPOINT WARNING * * *
You catch the helpless gnoll completely off-guard!
You claw the gnoll!
You kill the gnoll!
Yredelemnul accepts your kill.
Your Unarmed Combat skill increases to level 4!
The gnoll barely misses you.
Drink which item? (? for menu, Esc to quit)
Okay, then.
The gnoll hits you with a spear.
You die...
Your body rises from the dead as a mindless zombie.

#.### #....# ##...##
####.# ##.....#########.#
...............#.#
.........#####.#.#
.........# #.#.######
#........# #.(......#
##......## ###.####.....
#......##### #@###### #
(.#...##...## #.gg...#
.....##.....#
#............
.##.........#
#..........#
#.###.....####......#####
.........<...........#
######.##.#########.###
..........## #.#
#####......## #.#


You could see 2 gnolls.

Vanquished Creatures
  2 adders
  2 gnolls (D:3)
  A worm (D:2)
  A giant gecko (D:1)
  2 oozes (D:1)
  A ball python (D:1)
  3 giant cockroaches (D:1)
  8 goblins (D:2)
  4 hobgoblins
  5 kobolds
  3 bats
  5 giant newts
  9 rats
46 creatures vanquished.

Vanquished Creatures (collateral kills)
  A goblin (D:2)
1 creature vanquished.

Grand Total: 47 creatures vanquished

Notes
Turn   | Place    | Note
--------------------------------------------------------------
     0 | D:1      | PolkaDot, the Troll Death Knight, began the quest for the Orb.
     0 | D:1      | Reached XP level 1. HP: 20/20 MP: 2/2
   111 | D:1      | Reached XP level 2. HP: 25/28 MP: 2/2
   606 | D:1      | Reached skill level 3 in Unarmed Combat
   850 | D:2      | Acquired Yredelemnul's second power
   850 | D:2      | Reached XP level 3. HP: 25/35 MP: 4/4
   860 | D:2      | Found a blossoming altar of Fedhas.
  1375 | D:2      | Found an ancient bone altar of Kikubaaqudgha.
  1555 | D:3      | Found a gateway to a ziggurat.
  1598 | D:3      | Reached XP level 4. HP: 39/42 MP: 5/5
  1626 | D:3      | Reached skill level 4 in Unarmed Combat
  1627 | D:3      | Slain by a gnoll

Action                   |  1- 3 |  4- 6 || total
-------------------------+-------+-------++-------
Melee: Unarmed           |   120 |    11 ||   131
Invok: Animate Remains   |     2 |       ||     2
  Use: Potion            |       |     6 ||     6
 Stab: Invisible         |       |     2 ||     2
